 Dungeon Crawl Stone Soup version 0.29.0-4-gdea44cf6ec (webtiles) character file.

Game seed: 3721401316374755735

3744 qw the Grappler (level 9, -1/88 HPs)
             Began as a Troll Cinder Acolyte on Aug 31, 2022.
             Was a Priest of Ignis.
             Slain by a white ugly thing (31 damage)
             ... on level 9 of the Dungeon.
             The game lasted 00:03:49 (6117 turns).

qw the Grappler (Troll Cinder Acolyte)              Turns: 6117, Time: 00:03:49

Health: -1/88      AC: 15    Str: 28    XL:     9   Next: 93%
Magic:  9/9        EV:  9    Int: 14    God:    Ignis [***...]
Gold:   388        SH:  0    Dex:  9    Spells: 10/10 levels left

rFire   + + .      SeeInvis .     - Unarmed
rCold   x . .      Faith    .   (no shield)
rNeg    . . .      Spirit   .   g - +0 acid dragon scales
rPois   .          Reflect  .   (helmet restricted)
rElec   +          Harm     .   (no cloak)
rCorr   +          Rampage  .   (gloves unavailable)
Will    .....                   (boots unavailable)
Stlth   +.........              (no amulet)
HPRegen 1.04/turn               h - ring of Zuepre {Fire Drain rElec Int+4 Dex+4}
MPRegen 0.11/turn               (no ring)

@: fiery-armoured
A: large, unfitting armour, claws 3, regeneration 1, shaggy fur 1, tough skin 1
a: Renounce Religion, Fiery Armour, Foxfire Swarm, Rising Flame


You were on level 9 of the Dungeon.
You worshipped Ignis.
Ignis was most pleased with you.
You visited 1 branch of the dungeon, and saw 9 of its levels.

You collected 388 gold pieces.


Innate Abilities, Weirdness & Mutations

You are too large for most types of armour.
You have claws for hands.
Your natural rate of healing is unusually fast.
You are covered in fur. (AC +1)
You have tough skin. (AC +1)


   Skills:
 - Level 5.1 Fighting
 + Level 0.9 Armour
 - Level 2.0 Dodging
 - Level 13.0 Unarmed Combat
 - Level 1.0 Spellcasting
 - Level 2.1 Fire Magic


You had 10 spell levels left.
You didn't know any spells.
Your spell library contained the following spells:

 Spells                   Type           Power      Damage    Failure   Level
 Scorch                   Fire           20%        2d6       19%         2

Inventory:

Armour
 g - +0 acid dragon scales (worn)
Jewellery
 h - the ring of Zuepre (left claw) {Fire Drain rElec Int+4 Dex+4}
   (You found it on level 7 of the Dungeon)

   [ring of fire]

   It enhances your fire magic.
   Int:       It affects your intelligence (+4).
   Dex:       It affects your dexterity (+4).
   rF:        It protects you from fire.
   rC:        It makes you vulnerable to cold.
   rElec:     It insulates you from electricity.
   Drain:     It drains your maximum health when unequipped.
Scrolls
 c - a scroll of identify
Potions
 d - a potion of heal wounds
 e - a potion of cancellation {unknown}
 f - a potion of resistance
 j - a potion of might {unknown}
 k - a potion of haste

Dungeon Overview and Level Annotations

Branches:
Dungeon (9/15)             Temple (0/1) D:7
   Lair: D:8-11         Orc: D:9-12

Altars:
Ashenzari
Cheibriados
Dithmenos
Elyvilon
Makhleb
Okawaru
Vehumet
The Shining One

Shops:
D:1 (   D:6 *


Message History

The ball python bites you but does no damage.
You mangle the ball python!!
You kill the ball python!
Things that are here:
a ball python corpse; a jackal corpse; a jackal corpse An adder comes into view.
The adder moves out of view.
The adder hisses angrily.
Something bites the plant.
The plant begins to die.
Something bites the plant.
Something bites the plant.
An adder is nearby!
You mangle the adder!!
You kill the adder!
You open the door.
There is an open door here.
There is an open door here.
A white ugly thing comes into view.
The white ugly thing gurgles horribly!
The white ugly thing trunk-slaps you! The white ugly thing freezes you!!
You feel a terrible chill!
6113 ||| INVOKING Fiery Armour.
A protective cloak of flame settles atop you.
The white ugly thing trunk-slaps you but does no damage.
You scratch the white ugly thing but do no damage.
You closely miss the white ugly thing.
The white ugly thing trunk-slaps you but does no damage.
The white ugly thing is burned by your cloak of flames.
The white ugly thing is lightly wounded.
You closely miss the white ugly thing. Your claw misses the white ugly thing.
The white ugly thing is lightly wounded.
The white ugly thing trunk-slaps you! The white ugly thing freezes you!!
You feel a terrible chill!
The white ugly thing is burned by your cloak of flames.
The white ugly thing is lightly wounded.
6117 ||| DRINKING 2 potions of heal wounds.
You feel much better. The white ugly thing trunk-slaps you.
The white ugly thing freezes you!!
You feel a terrible chill!
You die...

...## ##.....## ### #.#
...# ##...## #.# #.##
##'## #[#
#.###########.## ...
....%##........# 7~7
#.##%##.#####..#
#.##.##.####...####
#.##.....#........######
#.......%..#....@.......
#~~......P.....##u######
~~~....7777##..# .#
~777777P .......# . ~~
7##.##### ~~~ #.# ~P~~
#.#


You could see a white ugly thing.

Vanquished Creatures
  3 yaks (D:8)
  3 wyverns
  2 steam dragons (D:8)
  2 acid dragons (D:8)
  A water moccasin (D:7)
  2 orc warriors
  An ice beast (D:3)
  3 black bears
  2 ogres
  A kobold brigand (D:7)
  4 scorpions
  5 wights (D:8)
  A howler monkey (D:7)
  3 hounds
  4 orc priests
  A gnoll bouda (D:8)
  4 iguanas
  Jessica (D:2)
  Ijyb (D:4)
  11 orc wizards
  Robin (D:2)
  5 gnolls (D:8)
  7 adders
  A shadow imp (D:8)
  A white imp (D:7)
  2 ufetubi (D:5)
  3 worms
  6 dart slugs
  24 orcs
  11 ball pythons
  7 bats
  4 endoplasms
  2 giant cockroaches (D:3)
  13 hobgoblins
  10 jackals
  5 kobolds
  4 quokkas
  7 frilled lizards
  7 goblins
  6 rats
181 creatures vanquished.

Vanquished Creatures (others)
  A demonic plant (D:9)
  2 plants (D:9)
3 creatures vanquished.

Grand Total: 184 creatures vanquished

Notes
Turn   | Place    | Note
-------+----------+-------------------------------------------
     0 | D:1      | qw the Troll Cinder Acolyte began the quest for the Orb.
     0 | D:1      | Reached XP level 1. HP: 22/22 MP: 1/1
     0 | D:1      | 0 ||| qw: Version: 0.1-a-97-g2dd2ca4
     0 | D:1      | 0 ||| qw: Game counter: 4676
     0 | D:1      | 0 ||| qw: Always use a shield: true
     0 | D:1      | 0 ||| qw: God list: Okawaru
     0 | D:1      | 0 ||| qw: Allow faded altars: false
     0 | D:1      | 0 ||| qw: Do Orc after D:15 true
     0 | D:1      | 0 ||| qw: Do second Lair branch before Depths: true
     0 | D:1      | 0 ||| qw: Lair rune preference: random
     0 | D:1      | 0 ||| qw: Plans: Normal
     0 | D:1      | 0 ||| PLANNING D:1-11
   136 | D:1      | Reached XP level 2. HP: 29/29 MP: 2/2
   261 | D:1      | Reached skill level 4 in Unarmed Combat
   283 | D:1      | Found Epinwuot's Weapon Boutique.
   404 | D:1      | You fall into a shaft and drop 1 floor!
   417 | D:2      | Reached XP level 3. HP: 36/36 MP: 3/3
   483 | D:2      | 483 ||| Stepping ~*~*~tactically~*~*~ (stealth).
   488 | D:2      | Noticed Jessica
   493 | D:2      | Killed Jessica
   506 | D:2      | Reached skill level 5 in Unarmed Combat
   506 | D:2      | Reached XP level 4. HP: 38/44 MP: 4/4
   547 | D:2      | 547 ||| READING scroll labelled JYRUZX YDIORU.
   548 | D:2      | 548 ||| READING scroll labelled YVESOY SOIWUMIE.
   549 | D:2      | 549 ||| READING scroll labelled ZOTWUAT WECOWK.
   768 | D:1      | Found a faded altar of an unknown god.
   815 | D:1      | 815 ||| READING scroll labelled BOPRES SAUDAU.
   816 | D:1      | 816 ||| READING 3 scrolls labelled SIQUAZX EVVIRONWI.
   885 | D:2      | Identified the +2 helmet "Buuneyx" {rN+ rCorr Str+4}
   885 | D:2      | Noticed Robin
   897 | D:2      | 897 ||| INVOKING Fiery Armour.
   898 | D:2      | Killed Robin
  1048 | D:2      | 1048 ||| Stepping ~*~*~tactically~*~*~ (stealth).
  1049 | D:2      | 1049 ||| Stepping ~*~*~tactically~*~*~ (stealth).
  1053 | D:2      | 1053 ||| Stepping ~*~*~tactically~*~*~ (stealth).
  1130 | D:2      | 1130 ||| Stepping ~*~*~tactically~*~*~ (stealth).
  1199 | D:2      | 1199 ||| Stepping ~*~*~tactically~*~*~ (stealth).
  1228 | D:2      | 1228 ||| Stepping ~*~*~tactically~*~*~ (stealth).
  1231 | D:2      | 1231 ||| Stepping ~*~*~tactically~*~*~ (hiding).
  1381 | D:2      | 1381 ||| READING scroll labelled YSCHEU LIUNUA.
  1382 | D:2      | 1382 ||| READING 2 scrolls labelled XESUNN GANIMI.
  1383 | D:2      | 1383 ||| READING scroll labelled CYL DAGIOSUAL.
  1384 | D:2      | 1384 ||| READING scroll labelled PYEKHAVAMN.
  1385 | D:2      | 1385 ||| DRINKING 2 amethyst potions.
  1386 | D:2      | 1386 ||| DROPPING scroll of fear.
  1387 | D:2      | 1387 ||| READING 3 scrolls of teleportation.
  1404 | D:3      | 1404 ||| Stepping ~*~*~tactically~*~*~ (outnumbered).
  1518 | D:3      | Reached XP level 5. HP: 50/50 MP: 5/5
  1520 | D:3      | Found a burning altar of Makhleb.
  1604 | D:3      | Noticed an ice beast
  1615 | D:3      | 1615 ||| INVOKING Fiery Armour.
  1615 | D:3      | HP: 10/50 [ice beast (14)]
  1616 | D:3      | 1616 ||| READING 2 scrolls of teleportation.
  1617 | D:3      | Killed an ice beast
  1618 | D:3      | Reached skill level 6 in Unarmed Combat
  1622 | D:3      | 1622 ||| FLEEEEING.
  1623 | D:3      | 1623 ||| FLEEEEING.
  1624 | D:3      | 1624 ||| Stepping ~*~*~tactically~*~*~ (hiding).
  1628 | D:3      | 1628 ||| FLEEEEING.
  1629 | D:3      | 1629 ||| FLEEEEING.
  1630 | D:3      | 1630 ||| FLEEEEING.
  1631 | D:3      | 1631 ||| FLEEEEING.
  1632 | D:3      | 1632 ||| FLEEEEING.
  1633 | D:3      | 1633 ||| FLEEEEING.
  1634 | D:3      | 1634 ||| FLEEEEING.
  1635 | D:3      | 1635 ||| FLEEEEING.
  1636 | D:3      | 1636 ||| FLEEEEING.
  1637 | D:3      | 1637 ||| FLEEEEING.
  1638 | D:3      | 1638 ||| FLEEEEING.
  1639 | D:3      | 1639 ||| FLEEEEING.
  1640 | D:3      | 1640 ||| FLEEEEING.
  1641 | D:3      | 1641 ||| FLEEEEING.
  1642 | D:3      | 1642 ||| FLEEEEING.
  1643 | D:3      | 1643 ||| FLEEEEING.
  1644 | D:3      | 1644 ||| FLEEEEING.
  1645 | D:3      | 1645 ||| FLEEEEING.
  1646 | D:3      | 1646 ||| FLEEEEING.
  1647 | D:3      | 1647 ||| FLEEEEING.
  1648 | D:3      | 1648 ||| FLEEEEING.
  1649 | D:3      | 1649 ||| FLEEEEING.
  1650 | D:3      | 1650 ||| FLEEEEING.
  1651 | D:3      | 1651 ||| FLEEEEING.
  1652 | D:3      | 1652 ||| FLEEEEING.
  1653 | D:3      | 1653 ||| DRINKING potion of curing.
  1653 | D:3      | 1653 ||| (to cure confusion)
  1654 | D:3      | 1654 ||| Stepping ~*~*~tactically~*~*~ (hiding).
  1661 | D:3      | Reached XP level 6. HP: 59/59 MP: 6/6
  1666 | D:3      | Reached skill level 7 in Unarmed Combat
  1696 | D:3      | Found a shadowy altar of Dithmenos.
  1706 | D:3      | Found an iron altar of Okawaru.
  1925 | D:3      | Found a glowing golden altar of the Shining One.
  1984 | D:3      | 1984 ||| READING scroll labelled VASHRY XOECH.
  1985 | D:3      | 1985 ||| READING 4 scrolls of identify.
  1985 | D:3      | 1985 ||| IDENTIFYING puce potion
  1986 | D:3      | 1986 ||| READING 3 scrolls of identify.
  1986 | D:3      | 1986 ||| IDENTIFYING fizzy pink potion
  1987 | D:3      | 1987 ||| DROPPING potion of attraction.
  2049 | D:3      | 2049 ||| READING scroll of teleportation.
  2050 | D:3      | 2050 ||| STAIRDANCE
  2101 | D:3      | 2101 ||| Stepping randomly (stuck).
  2131 | D:4      | 2131 ||| Stepping ~*~*~tactically~*~*~ (stealth).
  2352 | D:4      | Noticed Ijyb
  2361 | D:4      | Killed Ijyb
  2790 | D:4      | Found a snail-covered altar of Cheibriados.
  2791 | D:4      | 2791 ||| DRINKING 2 coppery potions.
  2792 | D:4      | 2792 ||| READING 3 scrolls of identify.
  2792 | D:4      | 2792 ||| IDENTIFYING fizzy puce potion
  2793 | D:4      | 2793 ||| READING 2 scrolls of identify.
  2793 | D:4      | 2793 ||| IDENTIFYING golden potion
  2794 | D:4      | 2794 ||| DROPPING potion of lignification.
  2795 | D:4      | 2795 ||| DROPPING potion of flight.
  2796 | D:4      | 2796 ||| READING scroll of teleportation.
  2976 | D:5      | Entered Level 5 of the Dungeon
  3037 | D:5      | 3037 ||| INVOKING Fiery Armour.
  3040 | D:5      | 3040 ||| Stepping ~*~*~tactically~*~*~ (outnumbered).
  3042 | D:5      | 3042 ||| Stepping ~*~*~tactically~*~*~ (outnumbered).
  3043 | D:5      | 3043 ||| Stepping ~*~*~tactically~*~*~ (hiding).
  3048 | D:5      | 3048 ||| Stepping ~*~*~tactically~*~*~ (outnumbered).
  3053 | D:5      | Reached skill level 8 in Unarmed Combat
  3055 | D:5      | Reached XP level 7. HP: 30/66 MP: 7/7
  3433 | D:5      | Reached skill level 3 in Fighting
  3828 | D:6      | 3828 ||| Stepping ~*~*~tactically~*~*~ (stealth).
  3839 | D:6      | 3839 ||| Stepping ~*~*~tactically~*~*~ (outnumbered).
  3840 | D:6      | 3840 ||| Stepping ~*~*~tactically~*~*~ (outnumbered).
  3841 | D:6      | 3841 ||| Stepping ~*~*~tactically~*~*~ (outnumbered).
  3842 | D:6      | 3842 ||| Stepping ~*~*~tactically~*~*~ (outnumbered).
  3843 | D:6      | 3843 ||| Stepping ~*~*~tactically~*~*~ (outnumbered).
  3851 | D:6      | 3851 ||| DRINKING 2 potions of curing.
  3851 | D:6      | 3851 ||| (to cure confusion)
  3854 | D:6      | 3854 ||| Stepping ~*~*~tactically~*~*~ (stealth).
  3991 | D:6      | Reached skill level 9 in Unarmed Combat
  4040 | D:6      | 4040 ||| Stepping ~*~*~tactically~*~*~ (hiding).
  4041 | D:6      | 4041 ||| Stepping ~*~*~tactically~*~*~ (hiding).
  4046 | D:6      | 4046 ||| INVOKING Fiery Armour.
  4053 | D:6      | Reached skill level 1 in Dodging
  4055 | D:6      | 4055 ||| Stepping ~*~*~tactically~*~*~ (outnumbered).
  4056 | D:6      | 4056 ||| Stepping ~*~*~tactically~*~*~ (outnumbered).
  4057 | D:6      | 4057 ||| Stepping ~*~*~tactically~*~*~ (outnumbered).
  4058 | D:6      | 4058 ||| Stepping ~*~*~tactically~*~*~ (outnumbered).
  4062 | D:6      | Reached XP level 8. HP: 46/75 MP: 8/8
  4161 | D:6      | Reached skill level 10 in Unarmed Combat
  4222 | D:6      | Found a white marble altar of Elyvilon.
  4338 | D:6      | Found Dofoqos's CLEARANCE SALE!.
  4408 | D:7      | 4408 ||| Stepping ~*~*~tactically~*~*~ (hiding).
  4521 | D:7      | 4521 ||| Stepping ~*~*~tactically~*~*~ (stealth).
  4532 | D:7      | 4532 ||| INVOKING Fiery Armour.
  4620 | D:7      | 4620 ||| Stepping ~*~*~tactically~*~*~ (stealth).
  4682 | D:7      | Found a staircase to the Ecumenical Temple.
  4825 | D:7      | Identified the ring of Zuepre {Fire Drain rElec Int+4
                  | Dex+4}
  4844 | D:7      | Reached skill level 11 in Unarmed Combat
  4855 | D:7      | Reached XP level 9. HP: 84/84 MP: 9/9
  4861 | D:7      | Found a broken altar of Ashenzari.
  5047 | D:7      | 5047 ||| UPGRADING to ring of Zuepre {Fire Drain rElec
                  | Int+4 Dex+4}.
  5048 | D:7      | 5048 ||| READING scroll labelled KEANAI GITTI.
  5077 | D:8      | 5077 ||| Stepping ~*~*~tactically~*~*~ (hiding).
  5083 | D:8      | 5083 ||| Stepping ~*~*~tactically~*~*~ (hiding).
  5095 | D:8      | 5095 ||| FLEEEEING.
  5096 | D:8      | 5096 ||| FLEEEEING.
  5097 | D:8      | 5097 ||| FLEEEEING.
  5098 | D:8      | 5098 ||| FLEEEEING.
  5099 | D:8      | 5099 ||| STAIRDANCE
  5162 | D:8      | 5162 ||| STAIRDANCE
  5192 | D:8      | 5192 ||| STAIRDANCE
  5383 | D:8      | Reached skill level 12 in Unarmed Combat
  5409 | D:8      | Found an iron altar of Okawaru.
  5410 | D:8      | 5410 ||| INVOKING Fiery Armour.
  5480 | D:8      | 5480 ||| Stepping ~*~*~tactically~*~*~ (stealth).
  5486 | D:8      | 5486 ||| DRINKING potion of curing.
  5486 | D:8      | 5486 ||| (to cure confusion)
  5496 | D:8      | 5496 ||| Stepping ~*~*~tactically~*~*~ (stealth).
  5498 | D:8      | 5498 ||| Stepping ~*~*~tactically~*~*~ (stealth).
  5560 | D:8      | 5560 ||| Stepping ~*~*~tactically~*~*~ (stealth).
  5567 | D:8      | 5567 ||| Stepping ~*~*~tactically~*~*~ (outnumbered).
  5568 | D:8      | 5568 ||| Stepping ~*~*~tactically~*~*~ (outnumbered).
  5634 | D:8      | Found a radiant altar of Vehumet.
  5635 | D:8      | 5635 ||| Stepping ~*~*~tactically~*~*~ (hiding).
  5740 | D:8      | Reached skill level 13 in Unarmed Combat
  5918 | D:8      | 5918 ||| UPGRADING to +0 acid dragon scales.
  5928 | D:8      | 5928 ||| DROPPING +0 robe.
  5929 | D:8      | 5929 ||| DRINKING 2 cyan potions.
  5930 | D:8      | 5930 ||| DRINKING 2 white potions.
  5931 | D:8      | 5931 ||| DROPPING potion of brilliance.
  6018 | D:9      | 6018 ||| Stepping ~*~*~tactically~*~*~ (outnumbered).
  6111 | D:9      | Noticed a white ugly thing
  6113 | D:9      | 6113 ||| INVOKING Fiery Armour.
  6116 | D:9      | HP: 11/88 [white ugly thing (28)]
  6117 | D:9      | 6117 ||| DRINKING 2 potions of heal wounds.
  6117 | D:9      | Slain by a white ugly thing

Levels and vault maps discovered:
D:1:      lightli_arrival_quake, layout_loops_cross, serial_shops,
          nicolae_shop_bloodbath_and_beyond, ebering_ecumenical_altar_petrified
D:2:      layout_basic, uniq_robin, uniq_jessica
D:3:      layout_rooms, nicolae_tso_swordbearing_angel,
          nicolae_overflow_hidden_temple, mainiacjoe_overflow_large_starburst,
          grunt_ministairs_11, chequers_serial_rivers_large_a, kennysheep_potato
D:4:      layout_loops_ring, cheibrodos_worm_habitat, corexii_checkpoint_a,
          uniq_ijyb
D:5:      layout_cave_pods
D:6:      layout_cave_pools, nicolae_elyvilon_peaceful_grove, hex_medium,
          nicolae_shop_clearance
D:7:      layout_rooms, nicolae_ashenzari_panopticon,
          minmay_temple_entry_arrows, corexii_leaking_fountain
D:8:      layout_loops_ring, hangedman_feature_mirror, nicolae_wwwww
D:9:      layout_loops_corners, nicolae_sif_muna_condensation, serial_demonic,
          serial_demonic_a, serial_demonic_e, serial_demonic_f,
          serial_demonic_e, serial_demonic_g, serial_demonic_g,
          serial_demonic_f, introduction_to_nature_2

Skill      XL: |  1  2  3  4  5  6  7  8  9 |
---------------+----------------------------+-----
Unarmed Combat | 4 5 6 8 9 11 13 | 13.0
Fighting       | 3 4 5 |  5.1
Dodging        | 1 2 |  2.0
Armour         | |  0.9
Spellcasting   | |  1.0
Fire Magic     | |  2.1

Action                   |  1- 3 |  4- 6 |  7- 9 || total
-------------------------+-------+-------+-------++-------
Melee: Unarmed           |    73 |   180 |   239 ||   492
       Punch             |     1 |     1 |     5 ||     7
Invok: Fiery Armour      |       |     3 |     4 ||     7
  Use: Scroll            |       |    18 |     1 ||    19
       Potion            |       |     3 |     5 ||     8
Armor: Robe              |    19 |    43 |    44 ||   106
       Acid dragon scale |       |       |    11 ||    11
Dodge: Dodged            |    18 |    59 |    88 ||   165

Table legend:
 A = Non-vault XP
 B = Vault XP
 C = Vault XP percentage of total XP
 D = Non-vault monster count
 E = Vault monster count
 F = Vault count percentage of total count
                 A         B        C        D         E       F
            +---------+---------+-------+---------+---------+-------
      Total |    4488 |     861 |  16.1 |     152 |      29 |  16.0
            +---------+---------+-------+---------+---------+-------
        D:1 |      43 |       0 |   0.0 |      22 |       0 |   0.0
        D:2 |      70 |      61 |  46.6 |      25 |       8 |  24.2
        D:3 |     129 |     142 |  52.4 |      21 |       4 |  16.0
        D:4 |     181 |      45 |  19.9 |      10 |       4 |  28.6
        D:5 |     261 |       0 |   0.0 |      11 |       0 |   0.0
        D:6 |    1045 |       0 |   0.0 |      23 |       0 |   0.0
        D:7 |     983 |       0 |   0.0 |      12 |       0 |   0.0
        D:8 |    1669 |     577 |  25.7 |      23 |       6 |  20.7
        D:9 |     107 |      36 |  25.2 |       5 |       7 |  58.3
            +---------+---------+-------+---------+---------+-------
